 Dungeon Crawl Stone Soup version 0.19-a0-994-g3c636f0 (webtiles) character file.

34 rageheart7 the Grave Robber (level 3, -1/24 HPs)
             Began as a Mummy Necromancer on July 16, 2016.
             Slain by Sigmund
             ... wielding a +2 scythe of freezing
              (2 damage)
             ... on level 2 of the Dungeon.
             The game lasted 00:05:16 (1806 turns).

rageheart7 the Grave Robber (Mummy Necromancer)     Turns: 1806, Time: 00:05:17

Health: -1/24      AC:  3    Str: 12    XL:     3   Next: 14%
Magic:  6/6        EV: 12    Int: 14    God:
Gold:   67         SH:  0    Dex: 12    Spells: 3 memorised, 1 level left

rFire  x . .     SeeInvis .     c - +0 club
rCold  + . .     Gourm    .     a - +0 robe
rNeg   + + +     Faith    .     (no shield)
rPois  ∞         Spirit   .     (no helmet)
rElec  .         Dismiss  .     (no cloak)
rCorr  .         Reflect  .     (no gloves)
SustAt .         Harm     .     h - +0 pair of boots
MR     .....                    (no amulet)
Stlth  +.........               (no ring)
                                (no ring)

@: confused, not resistant to hostile enchantments, very unstealthy
A: no food or potions, fire vulnerability, cold resistance 1, negative energy
resistance 3, torment resistance, unbreathing
a: no special abilities


You were on level 2 of the Dungeon.
You were not hungry.

You visited 1 branch of the dungeon, and saw 2 of its levels.

You collected 67 gold pieces.

Inventory:

Hand Weapons
 c - a +0 club (weapon)
Missiles
 d - 2 javelins (quivered)
Armour
 a - a +0 robe (worn)
 h - a +0 pair of boots (worn)
Scrolls
 e - 2 scrolls of recharging
 i - a scroll of teleportation
Books
 b - a book of Necromancy

   Spells                             Type                      Level
   a - Pain                           Necromancy                   1
   b - Animate Skeleton               Necromancy                   1
   c - Vampiric Draining              Necromancy                   3
   d - Regeneration                   Charms/Necromancy            3
   e - Animate Dead                   Necromancy                   4
   f - Control Undead                 Necromancy                   4


   Skills:
 - Level 1.5 Dodging
 - Level 1.5 Stealth
 + Level 2.2 Spellcasting
 * Level 4.9 Necromancy


You had one spell level left.
You knew the following spells:

 Your Spells              Type           Power        Failure   Level  Hunger
a - Pain                  Necr           ###.         2%          1    N/A
b - Animate Skeleton      Necr           N/A          2%          1    N/A
c - Vampiric Draining     Necr           ###.......   10%         3    N/A

Dungeon Overview and Level Annotations

Branches:
Dungeon (2/15)

Altars:
Ashenzari
Fedhas

Annotations:
D:1 Ijyb
D:2 Sigmund


Innate Abilities, Weirdness & Mutations

You do not eat or drink.
Your flesh is vulnerable to fire.
You are immune to poison.
Your flesh is cold resistant. (rC+)
You are immune to negative energy. (rN+++)
You are immune to unholy pain and torment.
You can survive without breathing.


Message History

You resist with some effort.
You're too confused to cast spells.
You're too confused!
Unknown command.
You're too confused to move!
Sigmund mumbles some strange words.
Sigmund flickers and vanishes!
Deactivating autopickup; reactivate with Ctrl-A.
You're too confused to cast spells.
You're too confused!
You bump into the rock wall.
You bump into the rock wall.
A puff of flame appears from out of thin air!
The puff of flame hits you! The fire burns you terribly!
You're too confused to move!
Something hits you!
Ouch! That really hurt!
* * * LOW HITPOINT WARNING * * *
Something freezes you.
You die...

###....#(###.##.#.# #.......##.##
.............##.#.# #.......##.#
#.........##.##.#.# #.......##.#
#..##..#.###.##.### #.......##.#
#..##..#.# #.##.#####.......##.##
#......#.# #.##.........#.#......
#.####.#.###.###........#.####.##
...............+....%............
#^##########.###@.......#..###.##
...........................# #.#
..##########.##########....# #.#
### #.# #.....Z.....# #.#
######## #.# #...........###.##
.......# #.# #.................
######.### #.# #........(........
######.#<# #.###..%....#..#......
.......#.# #...........##########


There were no monsters in sight!

Vanquished Creatures
  A giant gecko (D:1)
  A ball python (D:1)
  A giant cockroach (D:2)
  4 goblins
  3 hobgoblins (D:1)
  A quokka (D:2)
  4 bats
  A giant newt (D:2)
  2 kobolds
  9 rats
27 creatures vanquished.

Vanquished Creatures (collateral kills)
  A dart slug (D:2)
  A hobgoblin (D:1)
  A giant newt (D:1)
  2 kobolds (D:1)
5 creatures vanquished.

Grand Total: 32 creatures vanquished

Notes
Turn   | Place    | Note
-------+----------+-------------------------------------------
     0 | D:1      | rageheart7 the Mummy Necromancer began the quest for the Orb.
     0 | D:1      | Reached XP level 1. HP: 13/13 MP: 3/3
    41 | D:1      | Learned a level 1 spell: Animate Skeleton
   283 | D:1      | Reached XP level 2. HP: 19/19 MP: 3/5
   782 | D:1      | Found a shattered altar of Ashenzari.
  1145 | D:2      | Noticed Ijyb
  1388 | D:2      | Reached XP level 3. HP: 23/24 MP: 6/6
  1395 | D:2      | Learned a level 3 spell: Vampiric Draining
  1639 | D:2      | Found a blossoming altar of Fedhas.
  1755 | D:2      | Noticed Sigmund
  1806 | D:2      | HP: 1/24 [something (12)]
  1806 | D:2      | Slain by Sigmund

Vault maps used:
D:1:      arrival_zaba_pyramid, hangedman_glass_teeth,
          nicolae_ashenzari_panopticon
D:2:      lemuel_coloured_pillars_altar, fedhas_altar_2, uniq_sigmund,
          uniq_crazy_yiuf_cottage, uniq_iyjb

Action                   || total
-------------------------++-------
Melee: Club              ||    53
 Cast: Pain              ||    33
       Animate Skeleton  ||    16
  Use: Scroll            ||     4
Armor: Robe              ||    15
Dodge: Dodged            ||    53
